 Dungeon Crawl Stone Soup version 0.31-a0-983-g7b6862f502 (webtiles) character file.

Game seed: 5111656801820453554

144 lunkers the Insei (level 5, -1/40 HPs)
             Began as a Meteoran Shapeshifter on Nov 2, 2023.
             Succumbed to a gnoll's poison
             ... on level 4 of the Dungeon on Nov 3, 2023.
             The game lasted 00:02:33 (1141 turns).

lunkers the Insei (Meteoran Shapeshifter)           Turns: 1141, Time: 00:02:33

Health: -1/40      AC: 10    Str: 15    XL:     5   Next: 81%
Magic:  6/6        EV:  4    Int: 12    God:
Gold:   126        SH:  0    Dex: 15    Spells: 4/4 levels left

rFire   . .          .
                       - Unarmed
rCold   . . .        (no shield)
rNeg    . . .        j - +0 plate armour
rPois   .            (helmet currently unavailable)
rElec   .            (cloak currently unavailable)
rCorr   .            (gloves currently unavailable)
SInv    .            (boots currently unavailable)
Will    .....        (no amulet) Stlth
                     (no ring)
HPRegen 0.26/turn    (no ring)
MPRegen 0.10/turn

%: no passive effects
@: lethally poisoned (-1 -> -18), beast-form, attractive, glowing
A: beast (slay +2), sense surroundings 1, otherworldly, glowing, explore regen
a: Begin Untransformation


You were on level 4 of the Dungeon.
You were a hulking beast.
You visited 1 branch of the dungeon, and saw 4 of its levels.

You collected 126 gold pieces.

Inventory:

Armour
 a - a +0 animal skin
 j - a +0 plate armour (worn)
Talismans
 c - a beast talisman
 d - a flux talisman
Scrolls
 f - 2 scrolls of identify {unknown}
 g - a scroll of enchant armour {unknown}
 i - a scroll of poison {unknown}
Potions
 b - a potion of lignification
 e - a potion of might {unknown}
 h - a potion of attraction
 k - 2 potions of enlightenment {unknown}
 l - 2 potions of curing {unknown}
 m - a potion of heal wounds {unknown}


   Skills:
 - Level 1.1 Fighting
 - Level 2.1 Dodging
 * Level 6.0 Unarmed Combat
 + Level 4.8 Shapeshifting


You had 4 spell levels left.
You didn't know any spells.
Your spell library contained the following spells:

 Spells                   Type           Power      Damage    Failure   Level
 Cigotuvi's Dreadful Rot  Necr/Pois/Air  0%         N/A       100%        2
 Ignite Poison            Fire/Tmut/Pois 0%         N/A       100%        3
 Vhi's Electric Charge    Tloc/Air       0%         N/A       100%        4
 Arcjolt                  Conj/Air       0%         1d10      100%        5
 Freezing Cloud           Conj/Ice/Air   0%         6-21      100%        5
 Plasma Beam              Fire/Air       0%         2x1d10    100%        6
 Maxwell's Capacitive Co  Air            0%         ∞         100%        8


Dungeon Overview and Level Annotations

Branches:
Dungeon (4/15) Zot: 1271
 Temple: D:4-7

Altars:
Vehumet


Innate Abilities, Weirdness & Mutations

You are a hulking beast.
Your limbs bulge with bestial killing power. (Slay +2)
You passively map a small area around you.
You are easily found by Zot.
You glow in the dark.
You regain HP and MP as you explore.


Message History

The gnoll is heavily wounded.
You feel sick. The gnoll barely misses you.
The orc hits you from afar with a +0 trident.
* * * LOW HITPOINT WARNING * * *
The gnoll hits you but does no damage.
Okay, then.
You hit the gnoll.
The gnoll is almost dead.
You feel very sick.
The gnoll hits you from afar with a +0 spear of venom.
* * * LOW HITPOINT WARNING * * *
The orc hits you but does no damage. The gnoll completely misses you.
You punch the gnoll!
You kill the gnoll!
You feel sick. The gnoll hits you but does no damage.
You are lethally poisoned!
The orc hits you but does no damage.
* * * LOW HITPOINT WARNING * * *
You feel very sick. The gnoll hits you but does no damage.
The orc hits you but does no damage.
Things that are here:
a +0 flail; a throwing net You hit the gnoll.
The gnoll is lightly wounded.
* * * LOW HITPOINT WARNING * * *
You feel very sick.
The gnoll hits you with a +0 spear of venom.
* * * LOW HITPOINT WARNING * * *
The orc hits you but does no damage.
You closely miss the gnoll. You punch the gnoll.
The gnoll is heavily wounded.
* * * LOW HITPOINT WARNING * * *
You feel very sick. The gnoll hits you but does no damage.
You are more poisoned.
The orc hits you with a +0 trident.
* * * LOW HITPOINT WARNING * * *
It was a potion of attraction.
You feel attractive to monsters.
You die...

* # * , . #. #.## *
##...* ###...g#####
...._ooh)..#
##....###..# #...
#..# * ### #.)#
#.####..# *
#.......# *
#.#####.# ,* #..#
#.#####.############


You could see a gnoll and 2 orcs.

Vanquished Creatures
  A hound (D:4)
  Jessica (D:3)
  2 gnolls (D:4)
  An adder (D:3)
  A worm (D:2)
  2 dart slugs (D:1)
  3 orcs (D:4)
  3 ball pythons
  4 endoplasms
  A giant cockroach (D:2)
  6 hobgoblins
  4 kobolds
  A quokka (D:3)
  4 bats
  3 frilled lizards
  8 goblins
  5 rats
50 creatures vanquished.

Notes
Turn   | Place    | Note
-------+----------+-------------------------------------------
     0 | D:1      | lunkers the Meteoran Shapeshifter began the quest for the
                  | Orb.
     0 | D:1      | Reached XP level 1. HP: 16/16 MP: 2/2
   144 | D:1      | Reached skill level 4 in Unarmed Combat
   144 | D:1      | Reached XP level 2. HP: 23/23 MP: 3/3
   299 | D:1      | Reached XP level 3. HP: 28/28 MP: 4/4
   310 | D:1      | Found a faded altar of an unknown god.
   502 | D:1      | Glimpsed the power of Zot.
   766 | D:2      | Reached XP level 4. HP: 35/35 MP: 5/5
   836 | D:3      | Reached skill level 5 in Unarmed Combat
  1075 | D:3      | Noticed Jessica
  1082 | D:3      | Killed Jessica
  1083 | D:3      | Reached XP level 5. HP: 22/40 MP: 6/6
  1126 | D:4      | Found a radiant altar of Vehumet.
  1132 | D:4      | Reached skill level 6 in Unarmed Combat
  1140 | D:4      | HP: 2/40 [orc/+0 trident (2)]
  1141 | D:4      | Succumbed to a gnoll's poison

Illustrated notes

Levels and vault maps discovered:
D:1:      dpeg_chamrin_arrival_tetris, layout_loops_ring,
          basic_ecumenical_altar, wad_floor_pattern_untrapped
D:2:      layout_loops_ring, serial_rivers, chequers_serial_rivers_micro_d,
          chequers_serial_rivers_micro_d, chequers_serial_rivers_micro_c,
          chequers_serial_rivers_micro_a, basic_altar
D:3:      layout_basic, uniq_jessica
D:4:      layout_basic, nicolae_overflow_crystal_walls, uniq_pikel

Skill      XL: |  1  2  3  4  5 |
---------------+----------------+-----
Unarmed Combat | 4 5 6 |  6.0
Shapeshifting  | 4 |  4.8
Fighting       | |  1.1
Dodging        | |  2.1

Action                     |  1- 3 |  4- 6 || total
---------------------------+-------+-------++-------
  Melee: Unarmed           |    61 |    64 ||   125
         Punch             |     1 |     4 ||     5
    Use: Potion            |       |     1 ||     1
 Armour: Animal skin       |    21 |       ||    21
         Plate armour      |     3 |    63 ||    66
  Dodge: Dodged            |    24 |    14 ||    38

Table legend: (Time is in decaauts)
 A = Elapsed time spent in this place.
 B = Non-inter-level travel time spent in this place.
 C = Inter-level travel time spent in this place.
 D = Time resting spent in this place.
 E = Time spent auto-exploring this place.
 F = Levels seen in this place.
 G = Mean time per level.
                   A        B        C        D        E       F      G
               +--------+--------+--------+--------+--------+-----+--------+
         Total |   1128 |   1104 |     24 |      0 |    790 |   4 |  282.0 |
       Dungeon |   1128 |   1104 |     24 |      0 |    790 |   4 |  282.0 |
               +--------+--------+--------+--------+--------+-----+--------+

Top non-repeatable levels by time:
     D:1: 533 daAuts
     D:2: 281 daAuts
     D:3: 276 daAuts
     D:4: 37 daAuts
